[Event "FIDE WTC Prel-B 2022"]
[Site "Jerusalem"]
[Date "2022.11.22"]
[Round "5.16"]
[White "Postny, Evgeny"]
[Black "Mamedov, Rauf"]
[Result "1/2-1/2"]
[ECO "E73"]
[WhiteElo "2588"]
[BlackElo "2646"]
[Annotator "TA"]
[PlyCount "107"]
[EventDate "2022.11.20"]
[EventType "team-tourn"]
[EventCountry "ISR"]
[SourceTitle "playchess.com"]
[Source "ChessBase"]
[SourceQuality "1"]
[WhiteTeam "Israel"]
[BlackTeam "Azerbaijan"]
[WhiteTeamCountry "ISR"]
[BlackTeamCountry "AZE"]
[TimeControl "2700+10"]

1. d4 Nf6 2. c4 g6 3. Nc3 Bg7 4. e4 O-O 5. Be3 d6 6. Be2 Nc6 7. Nf3 {[%emt 0:00:57] E73: King's Indian: Averbakh Variation without 6...c5.} Ng4 $1 {[%emt 0:00:05][%mdl 4] is recently more successful than 7...e5.} 8. Bg5 h6 9. Bh4 g5 10. Bg3 e5 11. d5 Nd4 12. Nxd4 exd4 13. Nb5 Nf6 14. f3 (14. Nxd4 Nxe4 15. O-O Qf6 $17) 14... Nh5 $1 15. Bf2 Nf4 16. O-O {[%emt 0:00:47] [#]} (16. Nxd4 Nxg2+ 17. Kf1 Bh3 $17) 16... c5 $146 ({Predecessor:} 16... d3 17. Bxd3 Bxb2 18. Rb1 Be5 19. c5 a6 20. Na3 dxc5 21. Bxc5 Bd6 22. Bxd6 Qxd6 {0-1 (56) Muradli,M (2459)-Galperin,P (2469) Corum 2019}) 17. dxc6 $1 bxc6 18. Nxd4 c5 19. Nc2 (19. Nc6 $2 Qc7 20. Bg3 Qxc6 $19) 19... Bxb2 20. Rb1 Be5 21. Qd2 {[%emt 0:01:36] [#]} Bc3 $1 22. Qd1 Be6 23. Rb3 Qf6 24. Ne3 Bd4 25. Qd2 Rab8 26. Rfb1 Rxb3 27. Rxb3 Ng6 28. Nd1 Ne5 29. Qc1 Rc8 30. Be3 Nc6 31. Bf1 Rb8 32. Rxb8+ Nxb8 33. Qd2 Nc6 34. Bf2 Qe5 35. h4 Qf6 (35... g4 {keeps more tension.} 36. Bxd4 Nxd4 37. Qxh6 gxf3 38. Nc3 fxg2 39. Kxg2 Nc2) 36. hxg5 hxg5 ({But not} 36... Qxg5 $6 37. f4 Qf6 38. Bxd4 Qxd4+ 39. Qxd4 cxd4 40. Kf2 $11) 37. Bxd4 Nxd4 (37... Qxd4+ $17 38. Qxd4 cxd4) 38. Qe3 Nc6 39. Qd2 Qe5 ({Black should play} 39... Qd4+ $17 40. Qxd4 cxd4) 40. Kf2 Nd4 41. Nc3 a6 (41... Kh7 {with more complications.} 42. Nd5 Kh6 43. g3 Kg7) 42. Ne2 (42. Nd5 {feels hotter.} Kf8 43. Nc7 Bc8 44. Nd5) 42... Nc6 43. Nc3 Nd4 44. Ne2 Nc6 45. Nc1 (45. Nc3 $11) 45... g4 46. f4 Qxe4 47. Qxd6 $2 (47. Ne2 $17) 47... g3+ $1 $19 ({Not} 47... Bxc4 48. Bxc4 Qxc4 49. Ne2 $11) 48. Kxg3 Qe3+ 49. Kh2 Qxc1 50. Bd3 (50. Be2 {was forced.}) 50... Qe3 51. f5 {[%emt 0:00:06] [#]} Qh6+ (51... Ne5 $1 $19 52. Qd8+ Kg7) 52. Kg1 $11 Qe3+ $2 (52... Nd4 $11 53. Qb8+ Kg7 54. Qe5+ f6 55. Qg3+ Kf8 56. Qd6+ (56. fxe6 Qc1+ 57. Kh2 Qh6+ 58. Qh3 Qf4+ 59. Kh1 Qc1+ 60. Kh2 Qf4+ 61. Kh1 Qc1+ 62. Kh2 Qf4+ $11) 56... Kg8 57. fxe6 Qe3+ 58. Kh2 Qxd3 59. Qd8+ Kg7 60. Qe7+ Kg6 61. Qf7+ Kg5) 53. Kh2 $19 {[%emt 0:00:01] [#]} Qh6+ $2 (53... Ne5 $1 $19 {[%cal Re5g4] ( -> ...Ng4+)} 54. Qd8+ Kg7) 54. Kg1 {[%emt 0:00:02] Weighted Error Value: White=0.28 (precise) /Black=0.36} 1/2-1/2

[Event "FIDE WTC Prel-B 2022"]
[Site "Jerusalem"]
[Date "2022.11.22"]
[Round "5.17"]
[White "Vokhidov, Shamsiddin"]
[Black "Wojtaszek, Radoslaw"]
[Result "1-0"]
[ECO "C88"]
[WhiteElo "2568"]
[BlackElo "2686"]
[Annotator "TA"]
[PlyCount "57"]
[EventDate "2022.11.20"]
[EventType "team-tourn"]
[EventCountry "ISR"]
[SourceTitle "playchess.com"]
[Source "ChessBase"]
[SourceQuality "1"]
[WhiteTeam "Uzbekistan"]
[BlackTeam "Poland"]
[WhiteTeamCountry "UZB"]
[BlackTeamCountry "POL"]
[TimeControl "2700+10"]

1. e4 e5 2. Nf3 Nc6 3. Bb5 a6 4. Ba4 Nf6 5. O-O Be7 6. Re1 b5 7. Bb3 O-O 8. h3 Bb7 9. d3 d6 {[%emt 0:00:16] 9...d5 gains popularity.} 10. a3 Nb8 11. c4 $5 {[%emt 0:02:51][%mdl 4] An interesting side line. C88: Closed Ruy Lopez: Anti-Marshall Systems.} bxc4 12. Bxc4 Nbd7 {[%emt 0:00:02] [#]} 13. Nc3 $146 {[%emt 0:01:05] White is slightly better.} ({Predecessor:} 13. Be3 d5 14. exd5 Nxd5 15. Bd2 Bd6 16. Nc3 Nxc3 17. Bxc3 Qf6 18. Nd2 Nb6 19. Ba2 {½-½ (37) Gonzalez,B (2531)-Guedes Filho,D (2348) ICCF email 2011}) 13... Nb6 14. Ba2 c5 {[%emt 0:00:02] Against d4} 15. b4 cxb4 16. axb4 Rc8 17. Bb2 Nbd7 (17... d5 $1 $11) 18. Bc4 Ra8 19. d4 Qb6 (19... d5 $11 20. Nxd5 Nxd5 21. Bxd5 (21. exd5 Nb6 $14) 21... Bxd5 22. exd5 Bxb4) 20. Qb3 $16 {[%emt 0:00:54] White is more active.} exd4 {[%emt 0:00:23] [#]} 21. Nxd4 {[%emt 0:01:21][%mdl 512] Nf5 is the strong threat.} Ne5 (21... Qxd4 22. Nd5 Qa7 23. Nxe7+ Kh8 24. Nf5 $18) (21... Rae8 22. Na4) 22. Nf5 Bd8 (22... Rae8 $16 23. Na4 Qc7) 23. Rad1 $18 {[%emt 0:04:39] The board is on fire.} Nxc4 24. Qxc4 Ne8 25. Nd5 Bxd5 (25... Qb5 26. Qc3 f6) 26. exd5 {[%emt 0:00:40] White is clearly winning.} ({Weaker is} 26. Qxd5 Rc8 27. Re3 Qb5 $18) ({Not} 26. Rxd5 Rb8 $16) 26... Bf6 {[%emt 0:00:02] [#]} 27. Rxe8 $1 Bxb2 28. Ne7+ Kh8 29. Nc8 {[%emt 0:00:04] Weighted Error Value: White=0.07 (flawless) /Black=0.54} 1-0

[Event "FIDE WTC Prel-B 2022"]
[Site "Jerusalem"]
[Date "2022.11.22"]
[Round "5.18"]
[White "Piorun, Kacper"]
[Black "Vakhidov, Jakhongir"]
[Result "1/2-1/2"]
[ECO "B27"]
[WhiteElo "2611"]
[BlackElo "2607"]
[Annotator "TA"]
[PlyCount "95"]
[EventDate "2022.11.20"]
[EventType "team-tourn"]
[EventCountry "ISR"]
[SourceTitle "playchess.com"]
[Source "ChessBase"]
[SourceQuality "1"]
[WhiteTeam "Poland"]
[BlackTeam "Uzbekistan"]
[WhiteTeamCountry "POL"]
[BlackTeamCountry "UZB"]
[TimeControl "2700+10"]

1. e4 c5 2. Nf3 g6 3. c3 d5 4. e5 a6 5. d4 Nc6 6. Be2 {[%emt 0:00:05] B27: Sicilian: 2 Nf3, unusual Black 2nd moves.} f6 7. O-O (7. dxc5 fxe5 8. O-O Nf6 $15) 7... Bg7 8. exf6 {[%emt 0:00:07] White is slightly better.} ({Much worse is} 8. dxc5 fxe5 9. Na3 Nf6 $15) 8... Nxf6 {[%emt 0:00:02] [#]} 9. dxc5 $146 ({Predecessor:} 9. Ne5 O-O 10. Bf3 Bf5 11. Re1 Kh8 12. Be3 Qb6 13. b3 cxd4 14. cxd4 Nb4 15. Na3 {1-0 (76) Agmanov,Z (2413)-Vakhidov,J (2533) Europe Echecs INT 2021}) 9... O-O 10. Bg5 e5 11. c4 d4 12. Nfd2 Bf5 {[%emt 0:04:32] Inhibits Ne4.} 13. Bf3 Qe7 14. Bxf6 Rxf6 15. Ne4 Bxe4 16. Bxe4 Bh6 17. a3 Qxc5 18. Qd3 b5 (18... Kh8 $14) 19. Nd2 $1 $16 Bxd2 20. cxb5 Qxb5 21. Qxd2 Rb8 22. b4 a5 (22... Nd8 $142) 23. Bd3 Qb6 24. b5 Nd8 25. Rac1 Kg7 26. Rc2 e4 (26... Nf7 $16 {was called for.} 27. Rfc1 Re8) 27. Bxe4 $18 Qxb5 28. Rc7+ ({But not} 28. Qxd4 Ne6 29. Qa1 Rd8) 28... Nf7 29. Qxd4 {[%emt 0:00:07] Bd5 is the strong threat.} Qb2 30. Qxb2 Rxb2 31. Bd5 Rd2 32. Bc4 Rc2 33. f4 {[%emt 0:01:46] Threatens to win with g3.} Kf8 34. g4 (34. g3 $16) 34... Nd6 $14 {[%emt 0:00:46] [#]} 35. Rb1 $1 {[%emt 0:00:02] Strongly threatening Rb8+.} Ne8 36. Rb8 {[%emt 0:00:32][%cal Ob8e8] And now Rxe8+! would win.} Re6 (36... Rb2 $1 $14 37. Rxb2 Nxc7) 37. Bxe6 $16 {[%emt 0:02:25] White threatens Rf7+ and mate.} Rxc7 {[%emt 0:00:01][%mdl 4096] Endgame KRB-KRN} 38. g5 Ke7 39. Bg8 {[%emt 0:00:06] White is more active.} Ng7 40. Bxh7 Ne6 41. Bxg6 {[%emt 0:01:51] aiming for Rb5.} Nxf4 42. Rb6 ({Better is} 42. Re8+ $1 Kd6 43. Rg8) 42... Nh3+ ({Black should try} 42... Rc1+ 43. Kf2 Nh3+ 44. Kg2 Nxg5) 43. Kg2 Nxg5 {[%emt 0:00:02] [#]} 44. h4 (44. Rb5 $142 $1 Ne6 45. Bf5) 44... Ne6 {[%emt 0:00:02] [#]} 45. Bf5 $1 Ng7 46. Be4 Rc3 47. Rg6 (47. Rb5 $14) 47... Nh5 $11 {[%emt 0:00:03] Hoping for ...Nf4+.} 48. Ra6 {[%emt 0:00:16] Weighted Error Value: White=0.10 (very precise) /Black=0.10 (very precise)} 1/2-1/2

[Event "FIDE WTC Prel-B 2022"]
[Site "Jerusalem"]
[Date "2022.11.22"]
[Round "5.19"]
[White "Nigmatov, Ortik"]
[Black "Bartel, Mateusz"]
[Result "1/2-1/2"]
[ECO "C54"]
[WhiteElo "2433"]
[BlackElo "2627"]
[Annotator "TA"]
[PlyCount "103"]
[EventDate "2022.11.20"]
[EventType "team-tourn"]
[EventCountry "ISR"]
[SourceTitle "playchess.com"]
[Source "ChessBase"]
[SourceQuality "1"]
[WhiteTeam "Uzbekistan"]
[BlackTeam "Poland"]
[WhiteTeamCountry "UZB"]
[BlackTeamCountry "POL"]
[TimeControl "2700+10"]

1. e4 e5 2. Nf3 Nc6 3. Bc4 Nf6 4. d3 Bc5 5. O-O d6 6. c3 a5 {[%emt 0:00:04] C54: Giuoco Piano: 4 c3 Nf6, main lines with 5 d4 and 5 d3.} 7. Nbd2 O-O 8. h3 h6 9. Re1 Bd7 10. Nf1 a4 11. Bb5 Ne7 12. Bxd7 Qxd7 13. d4 Bb6 14. Ng3 Ng6 15. Be3 Rfe8 16. Qc2 (16. dxe5 $14 dxe5 17. Bxb6 cxb6 18. Qxd7 Nxd7 19. Rad1) 16... Qc6 17. Rad1 {[%emt 0:02:41] [#]} d5 $146 ({Better is} 17... exd4 $11 18. Bxd4 Bxd4 19. Nxd4 Qc4) ({Predecessor:} 17... exd4 18. Nxd4 Qc4 19. b3 axb3 20. axb3 Qa6 21. c4 Qa2 22. Qxa2 Rxa2 23. Nb5 Bxe3 24. Rxe3 {½-½ (30) Esipenko,A (2611)-Chigaev,M (2640) Yaroslavl 2019}) 18. Nxe5 $14 Nxe5 19. dxe5 Rxe5 20. Bf4 Re6 21. e5 Nd7 22. Qd2 Qc4 23. Nf5 Rae8 24. Nd4 Bxd4 25. cxd4 Qxa2 26. Ra1 $1 Qb3 27. Ra3 Qb5 28. Rg3 Kh8 29. Be3 Rb6 (29... Nb6 $17 30. Re2 Nc4) 30. Qc2 $15 Qc6 31. Qf5 Qe6 32. Qh5 Kh7 (32... Rxb2 33. f4 f5 34. Bc1 $17) 33. Rc1 Rc6 ({But not} 33... Rxb2 34. Rxc7 a3 35. Rxd7 $11 (35. Bc1 Rb1 $14)) (33... c5 $15) 34. Ra1 (34. Rxc6 $11 bxc6 35. Qd1) 34... b5 ({Black should play} 34... Nb6 $17) 35. Ra3 (35. f4 $1 $11 {keeps the balance.} g6 36. Qe2) 35... Rf8 36. Bd2 f5 (36... Rc2 $17 37. Qd1 Rc4) 37. exf6 $1 $11 Rxf6 38. Rae3 $1 Qf7 (38... Qf5 $2 {[#]} 39. Re7 $1 (39. Rxg7+ $2 Kxg7 40. Re7+ Kg8 $19) 39... Qxf2+ 40. Kh2 Qxg3+ 41. Kxg3 $18) 39. Qe2 {[%emt 0:00:06] [#] Black must now prevent Re7.} Rce6 {[%emt 0:00:00] Prevents Re7.} 40. Qxb5 Nb6 41. Bc1 Rc6 42. Qd3+ Kg8 43. Re1 Nc4 44. f3 Rce6 45. Rxe6 Qxe6 46. Kh2 {[%emt 0:00:09] The position is equal.} Qd6 47. Qc2 Re6 48. Qxa4 Ne3 {[%emt 0:00:00] Prevents Qd1.} 49. Bxe3 Rxe3 50. Qa8+ Kh7 51. Qc8 Qf4 52. Qd7 {[%emt 0:00:20][%csl LRd5,LRg7] Weighted Error Value: White=0.11 (very precise) /Black=0.14 (very precise)} 1/2-1/2

[Event "FIDE WTC Prel-B 2022"]
[Site "Jerusalem"]
[Date "2022.11.22"]
[Round "5.20"]
[White "Gumularz, Szymon"]
[Black "Abdisalimov, Abdimalik"]
[Result "1-0"]
[ECO "E60"]
[WhiteElo "2561"]
[BlackElo "2457"]
[Annotator "TA"]
[PlyCount "61"]
[EventDate "2022.11.20"]
[EventType "team-tourn"]
[EventCountry "ISR"]
[SourceTitle "playchess.com"]
[Source "ChessBase"]
[SourceQuality "1"]
[WhiteTeam "Poland"]
[BlackTeam "Uzbekistan"]
[WhiteTeamCountry "POL"]
[BlackTeamCountry "UZB"]
[TimeControl "2700+10"]

1. d4 Nf6 2. Nf3 g6 3. g3 Bg7 4. Bg2 O-O 5. O-O d6 6. c4 Ne4 {[%emt 0:00:32] E60: King's Indian: Unusual lines and Fianchetto Variation without Nc3.} 7. Qc2 f5 8. Rd1 Qe8 {[%emt 0:00:12] The position is equal.} 9. Nc3 Nxc3 10. bxc3 Nc6 11. c5 {[%emt 0:01:03] [#]} dxc5 $146 ({Predecessor:} 11... Na5 12. a4 h6 13. Nh4 g5 14. Nf3 Bd7 15. h4 g4 16. Ne1 Rc8 17. Nd3 b6 {1-0 (46) Gerasimov,V (2479)-Shablinsky,M (2414) ICCF email 2012}) 12. Ba3 b6 13. dxc5 Bd7 (13... Bb7 $11 {keeps the balance.}) 14. Ng5 $16 {[%emt 0:04:12] Threatens to win with Qd3. White is more active.} Bf6 {[%emt 0:04:44] [#] Loses the game.} (14... Rc8 $16) 15. Rxd7 $1 $18 Qxd7 16. Rd1 {[%emt 0:00:01] Really sharp!} Qe8 {[%emt 0:00:39] [#]} 17. Bd5+ $1 Kh8 18. Ne6 Qd7 $2 (18... Rg8 19. Nxc7 Qd7) 19. Qa4 {[%emt 0:00:44] White is clearly winning.} b5 20. Qxb5 Rab8 21. Qxc6 Qxc6 22. Bxc6 Rg8 23. Bb4 a5 24. Bxa5 Rb2 25. Bf3 c6 26. Bxc6 Rxa2 27. Bb4 Rxe2 28. Bd7 Re4 29. c6 Rc4 30. c7 Bxc3 31. Bc5 {[%emt 0:01:17] Weighted Error Value: White=0.03 (flawless) /Black=0.61} 1-0

[Event "FIDE WTC Prel-B 2022"]
[Site "Jerusalem"]
[Date "2022.11.22"]
[Round "5.21"]
[White "Niemann, Hans Moke"]
[Black "Vidit, Santosh Gujrathi"]
[Result "0-1"]
[ECO "A06"]
[WhiteElo "2699"]
[BlackElo "2724"]
[Annotator "TA"]
[PlyCount "74"]
[EventDate "2022.11.20"]
[EventType "team-tourn"]
[EventCountry "ISR"]
[SourceTitle "playchess.com"]
[Source "ChessBase"]
[SourceQuality "1"]
[WhiteTeam "United States"]
[BlackTeam "India"]
[WhiteTeamCountry "USA"]
[BlackTeamCountry "IND"]
[TimeControl "2700+10"]

1. Nf3 d5 2. e3 Nf6 3. b3 Bf5 4. Be2 h6 5. Ba3 Nbd7 6. c4 {[%emt 0:00:28] A06: Réti Opening: 1 Nf3 d5.} c6 7. O-O {[%emt 0:00:30] [#]} e5 $146 ({Predecessor:} 7... e6 8. Bxf8 Nxf8 9. Nc3 N8d7 10. d4 O-O 11. b4 Qe7 12. Qb3 Bg4 13. Rfd1 Ne4 {0-1 (70) Dzagnidze,N (2510)-Goryachkina,A (2522) Kazan 2019}) 8. Bxf8 {[%emt 0:00:47] The position is equal.} Kxf8 9. Nc3 Qe7 10. d4 e4 11. Nd2 h5 12. Re1 g6 13. a4 Kg7 14. Qc1 a6 15. Qa3 Qe6 16. Bf1 h4 17. h3 (17. b4 $11) 17... g5 $15 18. f3 {[%emt 0:00:28] Against g4} Rae8 19. cxd5 cxd5 {[%emt 0:00:02] With the idea ...exf3.} 20. fxe4 (20. Qb4 {is more complex.} exf3 21. Nxf3 g4 22. Ng5) 20... Bxe4 (20... Nxe4 21. Ndxe4 Bxe4 22. Nxe4 Qxe4 23. Qb4 $11) (20... dxe4 21. Rac1 $14) 21. Ndxe4 Nxe4 (21... dxe4 22. Bc4 Qe7 23. a5 $14) 22. Nxe4 Qxe4 ({But not} 22... dxe4 23. Rac1 $16) 23. Qb4 Rb8 24. Rac1 Nf6 25. Rc7 g4 26. Re2 (26. Rxb7 $2 a5 27. Qe7 Rxb7 28. Qxb7 gxh3 29. gxh3 Rh5 $19) (26. Qe7 $11 Qxe7 27. Rxe7) 26... g3 27. Rxb7 $2 {[%emt 0:03:48][%mdl 8192] Now White is beyond hope.} (27. Re7 $17 {is a better chance.} Qg6 28. Re1 (28. Rxb7 a5 $17)) 27... a5 $1 $19 28. Qb6 Rxb7 29. Qxb7 Qf5 {[%emt 0:00:10] [#] ...Rc8 is the strong threat.} 30. Qc7 Rc8 31. Qe5 Qxe5 32. dxe5 {[%emt 0:00:01][%mdl 4096] Endgame KRB-KRN} Ne4 33. Rb2 $2 (33. Re1 Rc3 34. Bb5 (34. Rd1 $2 Rxb3 35. Ba6 Rxe3 $19)) 33... Rc1 34. b4 axb4 (34... Rd1 $142 35. b5 Nd2 36. Rxd2 Rxd2 37. b6 Rd1 38. b7 Rb1 39. b8=B Rxb8 40. Bd3 Rb3 41. Bc2 Rb2 42. Bf5 Re2 43. Kf1 Rf2+ 44. Ke1 Rxf5 45. Kd2 Rf2+ 46. Kd3 Rxg2 47. Kc3 Rf2 48. e6 fxe6 49. Kd4 g2 50. Kc5 Rc2+ 51. Kb5 g1=Q 52. Kxa5 Qxe3 53. Kb5 Qb3+ 54. Ka5 Rc4 55. Ka6 Rxa4#) 35. a5 b3 36. a6 Ra1 {[%emt 0:00:09] [#] ( -> ...Nc5)} 37. a7 Nc5 {[%emt 0:00:18] Weighted Error Value: White=0.58/Black=0.17 (very precise)} 0-1

[Event "FIDE WTC Prel-B 2022"]
[Site "Jerusalem"]
[Date "2022.11.22"]
[Round "5.22"]
[White "Nihal Sarin"]
[Black "Onischuk, Alexander"]
[Result "1/2-1/2"]
[ECO "E51"]
[WhiteElo "2670"]
[BlackElo "2640"]
[Annotator "TA"]
[PlyCount "98"]
[EventDate "2022.11.20"]
[EventType "team-tourn"]
[EventCountry "ISR"]
[SourceTitle "playchess.com"]
[Source "ChessBase"]
[SourceQuality "1"]
[WhiteTeam "India"]
[BlackTeam "United States"]
[WhiteTeamCountry "IND"]
[BlackTeamCountry "USA"]
[TimeControl "2700+10"]

1. d4 Nf6 2. c4 e6 3. Nc3 Bb4 4. e3 O-O 5. Bd2 d5 6. Nf3 b6 7. cxd5 exd5 8. Rc1 {[%emt 0:00:02] E51: Nimzo-Indian: Rubinstein: 4...0-0 5 Nf3 d5.} Be7 9. Bd3 Bb7 10. O-O {[%emt 0:00:10] The position is equal.} c5 11. Ne5 {[%emt 0:00:26] 11.dxc5 injects fresh life into this line.} a6 12. Be1 Nc6 13. f4 cxd4 14. Nxc6 Bxc6 {[%emt 0:00:10] [#]} 15. exd4 $146 (15. Ne2 $5 Qe8 16. Nxd4 $11) ({Predecessor:} 15. Ne2 Bd7 16. Nxd4 Re8 17. Qf3 Ne4 18. Bxe4 dxe4 19. Qh5 Rc8 20. Bc3 Rc5 21. Qe2 {½-½ (30) Ponomariov,R (2675)-Yilmaz,M (2595) Douglas 2019}) 15... Ne4 16. Bxe4 dxe4 17. d5 Bc5+ {[%emt 0:01:58] This bishop pair is nice.} 18. Kh1 (18. Bf2 $5 e3 19. dxc6 $11) 18... Bb7 (18... Bb5 $5 19. Nxb5 axb5 $15) 19. Nxe4 Qxd5 20. Qxd5 Bxd5 21. Nxc5 bxc5 22. a3 c4 23. Ba5 Be4 24. Rfe1 ({Reject} 24. Rxc4 Bd3 25. Rcc1 Bxf1 26. Rxf1 Rfe8 $17) 24... Bd3 25. Re7 Rab8 26. Bc3 Rfe8 27. Rce1 Rxe7 28. Rxe7 $11 {[%emt 0:00:02][%mdl 4096] Endgame KRB-KRB} h6 29. g4 Rb6 30. Re8+ Kh7 31. f5 h5 32. h3 hxg4 33. hxg4 f6 (33... Kh6 $11 {remains equal.}) 34. Kg2 Rd6 35. Kg3 Bc2 36. Re7 Kg8 37. Rc7 {[%emt 0:01:04] White is more active.} Rd1 38. Rxc4 Rg1+ 39. Kf2 Rf1+ 40. Kg2 {[%emt 0:01:33] [#] aiming for Rc8+.} Bd3 41. Rd4 Rd1 42. Kf2 Bc2 43. Rb4 Kh7 44. Rd4 (44. Rb6 $16) 44... Rxd4 45. Bxd4 {[%emt 0:00:01] White is slightly better.} Bb3 46. Ke3 Kg8 47. Kf4 Kf7 48. Bc3 g6 49. fxg6+ Kxg6 {[%emt 0:00:02] Weighted Error Value: White=0.09 (flawless) /Black=0.10 (very precise)} 1/2-1/2

[Event "FIDE WTC Prel-B 2022"]
[Site "Jerusalem"]
[Date "2022.11.22"]
[Round "5.23"]
[White "Akobian, Varuzhan"]
[Black "Narayanan.S.L"]
[Result "0-1"]
[ECO "E54"]
[WhiteElo "2591"]
[BlackElo "2673"]
[Annotator "TA"]
[PlyCount "76"]
[EventDate "2022.11.20"]
[EventType "team-tourn"]
[EventCountry "ISR"]
[SourceTitle "playchess.com"]
[Source "ChessBase"]
[SourceQuality "1"]
[WhiteTeam "United States"]
[BlackTeam "India"]
[WhiteTeamCountry "USA"]
[BlackTeamCountry "IND"]
[TimeControl "2700+10"]

1. d4 Nf6 2. c4 e6 3. Nc3 Bb4 4. e3 O-O 5. Bd3 d5 6. Nf3 c5 7. O-O dxc4 8. Bxc4 a6 9. a3 Bxc3 10. bxc3 b5 {[%emt 0:00:03] E54: Nimzo-Indian: Rubinstein: Main Line: 7...dxc4 8 Bxc4.} 11. Bd3 Bb7 12. a4 ({Of course not} 12. dxc5 Nbd7 $15) 12... c4 {[%emt 0:00:06] The position is equal.} 13. Bc2 Nbd7 {[%emt 0:05:31] [#]} 14. Ba3 $146 ({Predecessor:} 14. axb5 axb5 15. Ba3 Re8 16. Nd2 e5 17. Re1 Qa5 18. Bb4 Qxa1 19. Qxa1 Rxa1 20. Rxa1 exd4 21. exd4 {0-1 (46) Sanga,A (2033)-Negyesy,G (1944) LSS email 2008}) 14... Re8 15. Qb1 (15. Qe2 $11) 15... Bxf3 $17 16. gxf3 Qb6 17. f4 g6 18. e4 Nh5 19. Bc1 Qc7 20. e5 Nb6 21. axb5 axb5 {[%emt 0:04:45] [#] aiming for ...Nd5.} 22. Rxa8 Rxa8 23. Be4 Rb8 24. f5 exf5 25. Bf3 Qd7 26. Ba3 {[%emt 0:04:39] [#]} (26. h3 $15) 26... Nf4 $1 $19 27. Bd6 Rc8 28. Qa1 (28. Qd1 $142) 28... Nh3+ {[%emt 0:01:34] Pair of Knights!} 29. Kh1 Ng5 30. Bg2 f4 $2 $40 {[%emt 0:00:14][%mdl 128] Black mounts an attack.} (30... Ne4 $19 {And now ...Nd5 would win.} 31. Bb4 Nd5) 31. f3 $2 {[%emt 0:02:04][%mdl 8192] Now White is beyond hope.} ({Only move:} 31. Qc1 $1 $15) 31... Nd5 32. h4 (32. Qb2 $142) 32... Ne6 {[%emt 0:00:16] Threatens to win with ...Qd8.} 33. Bh3 Ne3 34. Rf2 Qd8 35. Bxe6 (35. Qg1 $142 Qxh4 36. Rh2) 35... fxe6 36. Rh2 Ra8 37. Qb1 Ra6 38. Qe1 Qa8 {[%emt 0:00:06] Weighted Error Value: White=0.82/Black=0.15 (very precise)} 0-1

[Event "FIDE WTC Prel-B 2022"]
[Site "Jerusalem"]
[Date "2022.11.22"]
[Round "5.24"]
[White "Sethuraman, S.P."]
[Black "Quesada Perez, Yuniesky"]
[Result "1/2-1/2"]
[ECO "C45"]
[WhiteElo "2643"]
[BlackElo "2583"]
[Annotator "TA"]
[PlyCount "145"]
[EventDate "2022.11.20"]
[EventType "team-tourn"]
[EventCountry "ISR"]
[SourceTitle "playchess.com"]
[Source "ChessBase"]
[SourceQuality "1"]
[WhiteTeam "India"]
[BlackTeam "United States"]
[WhiteTeamCountry "IND"]
[BlackTeamCountry "USA"]
[TimeControl "2700+10"]

1. e4 e5 2. Nf3 Nc6 3. d4 exd4 4. Nxd4 Bc5 5. Nb3 Bb6 6. Nc3 d6 7. Bf4 {[%emt 0:00:04] C45: Scotch Game.} Nf6 {[%emt 0:02:38] 7...Nge7 deserves study.} 8. Qd2 Be6 (8... a5 $11) 9. O-O-O $14 {[%emt 0:00:06] White is slightly better.} a6 10. f3 {[%emt 0:09:43][%cal Bf2f3,Bf3f4][%mdl 32] [#]} h6 $146 ({Predecessor:} 10... Ne7 11. g4 Ng6 12. Be3 Bxe3 13. Qxe3 Bxb3 14. axb3 h6 15. Be2 Qe7 16. f4 c6 {1-0 (29) Ahmed,S (2172)-Fong,Y (2125) Dhaka 2019}) 11. Bg3 Qd7 12. f4 O-O-O 13. Bh4 g5 14. Bf2 Bxf2 $1 ({Much less strong is} 14... Bg4 15. Bxb6 cxb6 16. Re1 $16) 15. Qxf2 Ng4 16. Qd2 gxf4 17. Qxf4 Qe7 18. g3 Qg5 {[%emt 0:00:43] ...Nf2 is the strong threat.} 19. Rd2 {[%emt 0:00:03] Against Nf2} Qxf4 20. gxf4 f5 21. Bd3 Rdf8 22. Rf1 fxe4 23. Bxe4 Nf6 24. Bf3 Rhg8 25. Re1 (25. Nd4 $11 Nxd4 26. Rxd4) 25... Bg4 $17 26. Rf2 Bxf3 27. Rxf3 Rg2 28. Re2 Rg1+ 29. Kd2 Kd7 30. Re1 Rg4 31. Ref1 Ne7 32. Nd4 c5 33. Nde2 Nf5 34. Rh3 b5 35. Ng3 Nxg3 36. hxg3 b4 37. Ne2 {[%emt 0:00:02] [#]} h5 $1 38. f5 Rg5 39. Rh4 Re8 40. Rf3 Re5 41. Rhf4 Nd5 42. Rh4 Rgxf5 43. Rxf5 Rxf5 {[%emt 0:00:01][%mdl 4096] Endgame KRN-KRN} 44. a3 a5 (44... bxa3 $19 45. bxa3 Kc6) 45. axb4 axb4 46. c3 {[%emt 0:00:05] [#]} Rg5 ({Better is} 46... b3 $1 47. Nc1 Rf2+ 48. Ne2 Nf6) 47. cxb4 Nxb4 48. Ke3 Re5+ 49. Kd2 Nd5 50. Nf4 (50. g4 $17) 50... Nf6 $19 51. Ne2 Kc6 (51... d5 $19 {Threatens to win with ...Ne4+.} 52. Rf4 Ne4+ 53. Kc2 Rg5) 52. b4 $1 $15 Ne4+ 53. Kd3 Nf2+ 54. Kd2 Rd5+ 55. Kc2 Rg5 56. bxc5 dxc5 57. Nf4 Rxg3 58. Rxh5 Ne4 59. Nd3 Rg2+ 60. Kc1 Kb5 61. Nxc5 Nxc5 $11 {[%emt 0:00:01] KRN-KR. Black is slightly better.} 62. Rh4 Nd3+ 63. Kd1 Nb2+ 64. Ke1 Nc4 65. Re4 Kc5 66. Re2 Rg8 67. Kf2 Kd4 68. Ra2 Rh8 {[%emt 0:00:26] ( -> ...Rh2+)} 69. Kg3 {[%emt 0:00:11] Inhibits Rh2.} Ne5 70. Ra4+ Ke3 71. Ra3+ Nd3 72. Kg4 Rg8+ 73. Kf5 {[%emt 0:00:02] Whites escaped into a draw.  Weighted Error Value: White=0.14 (very precise) /Black=0.11 (very precise)} 1/2-1/2